 Dungeon Crawl Stone Soup version 0.23.2 (webtiles) character file.

Game seed: 15257306815765283870

184 Peloso the Covered (level 5, -21/47 HPs)
             Began as a Minotaur Fighter on Apr 6, 2019.
             Demolished by an ogre
             ... wielding a +0 giant spiked club
              (25 damage)
             ... on level 4 of the Dungeon.
             The game lasted 00:04:04 (2562 turns).

Peloso the Covered (Minotaur Fighter)               Turns: 2562, Time: 00:04:05

Health: -21/47     AC:  8    Str: 21    XL:     5   Next: 36%
Magic:  4/4        EV:  5    Int:  5    God:
Gold:   70         SH:  9    Dex: 10    Spells: 4/4 levels left

rFire    . . .     SeeInvis .   a - +0 long sword
rCold    . . .     Gourm    .   c - +0 shield
rNeg     . . .     Faith    .   b - +0 scale mail
rPois    .         Spirit   .   (helmet restricted)
rElec    .         Reflect  .   (no cloak)
rCorr    .         Harm     +   (no gloves)
MR       .....                  k - +0 pair of boots
Stlth    ..........             e - amulet of harm
HPRegen  0.15/turn              (no ring)
MPRegen  0.09/turn              (no ring)

@: constricted
A: retaliatory headbutt, horns 2
a: no special abilities


You were on level 4 of the Dungeon.
You were hungry.

You visited 1 branch of the dungeon, and saw 4 of its levels.

You collected 70 gold pieces.

Inventory:

Hand Weapons
 a - a +0 long sword (weapon)
Armour
 b - a +0 scale mail (worn)
 c - a +0 shield (worn)
 k - a +0 pair of boots (worn)
Jewellery
 e - an amulet of harm (around neck)
Wands
 l - a wand of random effects (15)
Scrolls
 g - a scroll of remove curse {unknown}
 i - 2 scrolls of teleportation {unknown}
 j - 2 scrolls of fear {unknown}
 o - a scroll of identify {unknown}
 p - a scroll of amnesia {unknown}
Potions
 d - 2 potions of might
 h - a potion of heal wounds {unknown}
 m - a potion of curing {unknown}
 n - a potion of agility {unknown}
 q - a potion of haste {unknown}
Comestibles
 f - 8 rations
 r - a chunk of flesh


   Skills:
 + Level 4.4 Fighting
 + Level 4.2 Long Blades
 + Level 4.7 Armour
 + Level 1.3 Dodging
 + Level 0.1 Stealth
 + Level 4.6 Shields


You had 4 spell levels left.
You didn't know any spells.
Your spell library was empty.

Dungeon Overview and Level Annotations

Branches:
Dungeon (4/15)
 Temple: D:4-7

Altars:
Dithmenos
Gozag
Uskayaw
Vehumet
Xom


Innate Abilities, Weirdness & Mutations

You reflexively headbutt those who attack you in melee.
You have a pair of horns on your head.


Message History

You slash the ogre!
The ogre is severely wounded.
The ogre barely misses you. You block the ball python's attack.
The ball python grabs you. The ball python constricts you.
You hit the ogre.
The ogre is almost dead.
The ball python bites you.
* * * LOW HITPOINT WARNING * * *
The ball python constricts you.
The ogre hits you with a +0 giant spiked club!
* * * LOW HITPOINT WARNING * * *
The ball python bites you but does no damage.
The ball python constricts you.
Your shield and scale mail prevent you from hitting the ogre.
The ogre is almost dead.
The ball python bites you but does no damage.
The ball python constricts you.
The ogre hits you with a +0 giant spiked club!!
Ouch! That really hurt!
You die...

#........#
#####.........
##........#....
#.............(
...............
.............##
...............
......O@.......
.......S.=.....
...............
...............
.......<.......
...............
...............
...............
...............


You could see an ogre and a ball python.

Vanquished Creatures
  6 gnolls
  3 adders (D:3)
  3 worms
  3 dart slugs
  5 leopard geckos
  An orc (D:3)
  A ball python (D:1)
  8 giant cockroaches
  9 goblins
  11 hobgoblins
  2 quokkas (D:2)
  8 bats
  4 frilled lizards
  6 kobolds
  7 rats
77 creatures vanquished.

Vanquished Creatures (others)
  A frilled lizard (D:4)
1 creature vanquished.

Grand Total: 78 creatures vanquished

Notes
Turn   | Place    | Note
-------+----------+-------------------------------------------
     0 | D:1      | Peloso the Minotaur Fighter began the quest for the Orb.
     0 | D:1      | Reached XP level 1. HP: 19/19 MP: 0/0
    64 | D:1      | Reached XP level 2. HP: 27/27 MP: 1/1
   293 | D:1      | Reached XP level 3. HP: 33/33 MP: 2/2
   897 | D:2      | Reached XP level 4. HP: 19/41 MP: 3/3
  1519 | D:2      | Found a shadowy altar of Dithmenos.
  1522 | D:2      | Reached skill level 1 in Dodging
  1983 | D:3      | Reached XP level 5. HP: 36/47 MP: 4/4
  2017 | D:3      | Found a radiant altar of Vehumet.
  2017 | D:3      | Found a shimmering altar of Xom.
  2017 | D:3      | Found an opulent altar of Gozag.
  2018 | D:3      | Found a hide-covered altar of Uskayaw.
  2552 | D:4      | Noticed an ogre
  2562 | D:4      | Demolished by an ogre

Skill      XL: |  1  2  3  4  5 |
---------------+----------------+-----
Fighting       | 4 |  4.4
Shields        | 4 |  4.6
Armour         | 4 |  4.7
Long Blades    | 3 4 |  4.2
Dodging        | 1 |  1.3
Stealth        | |  0.1

Action                   |  1- 3 |  4- 6 || total
-------------------------+-------+-------++-------
Melee: Long sword        |    85 |    87 ||   172
       Headbutt          |    17 |    18 ||    35
  Eat: Chunk             |       |     5 ||     5
Armor: Scale mail        |    50 |    46 ||    96
Dodge: Dodged            |    29 |    29 ||    58
Block: Shield            |    59 |    47 ||   106
       Rpst.: Long sword |     3 |     5 ||     8
